 Dungeon Crawl Stone Soup version 0.27.1-16-g815e20cd7a (webtiles) character file.

Game seed: 11231343931342468112

176 DenSaoPin the Chopper (level 5, -4/45 HPs)
             Began as a Hill Orc Monk on Nov 23, 2021.
             Slain by a phantom (7 damage)
             ... on level 4 of the Dungeon.
             The game lasted 00:09:29 (4643 turns).

DenSaoPin the Chopper (Hill Orc Monk)               Turns: 4643, Time: 00:09:30

Health: -4/45      AC:  7    Str: 15    XL:     5   Next: 56%
Magic:  5/5        EV: 11    Int: 10    God:
Gold:   164        SH:  0    Dex: 13    Spells: 4/4 levels left

rFire    . . .     SeeInvis .   a - +0 hand axe
rCold    . . .     Faith    .   (no shield)
rNeg     . . .     Spirit   .   d - +0 ring mail
rPois    .         Reflect  .   (no helmet)
rElec    .         Harm     .   j - +0 cloak
rCorr    .         Rampage  .   (no gloves)
Will     .....                  (no boots)
Stlth    ..........             (no amulet)
HPRegen  0.15/turn              (no ring)
MPRegen  0.09/turn              (no ring)

@: confused, brilliant
A: no striking features
a: no special abilities


You were on level 4 of the Dungeon.
You visited 1 branch of the dungeon, and saw 4 of its levels.

You collected 164 gold pieces.

Inventory:

Hand Weapons
 a - a +0 hand axe (weapon)
Armour
 b - a +0 robe
 d - a +0 ring mail (worn)
 j - a +0 cloak (worn)
Scrolls
 c - a scroll of teleportation
 e - a scroll of enchant weapon {unknown}
 g - a scroll of fog {unknown}
 i - a scroll of identify {unknown}
 k - a scroll of noise {unknown}
 l - a scroll of holy word {unknown}


   Skills:
 - Level 3.6 Fighting
 + Level 6.3 Axes
 + Level 3.8 Armour
 - Level 2.4 Dodging
 - Level 1.5 Stealth


You had 4 spell levels left.
You didn't know any spells.
Your spell library contained the following spells:

 Spells                   Type           Power      Damage    Failure   Level
 Static Discharge         Conj/Air       0%         N/A       71%         2
 Lightning Bolt           Conj/Air       0%         1d11      100%        5
 Maxwell's Capacitive Co  Air            0%         ∞         100%        8


Dungeon Overview and Level Annotations

Branches:
Dungeon (4/15)
 Temple: D:4-7

Altars:
Uskayaw

Annotations:
D:3 Grinder
D:4 Sigmund


Message History

The phantom is almost destroyed.
The phantom closely misses you.
You hit the phantom but do no damage.
The phantom is almost destroyed.
The phantom hits you.
* * * LOW HITPOINT WARNING * * *
You hit the phantom but do no damage.
The phantom is almost destroyed.
The phantom hits you but does no damage.
You barely miss the phantom.
The phantom is almost destroyed.
The phantom hits you.
* * * LOW HITPOINT WARNING * * *
You closely miss the phantom.
The phantom is almost destroyed.
The phantom hits you.
* * * LOW HITPOINT WARNING * * *
The phantom blinks!
You blink.
An endoplasm and Sigmund come into view.
Sigmund is wielding a +2 scythe of flaming.
Found a stone staircase leading down.
Sigmund shouts!
The endoplasm quivers.
The phantom hits you but does no damage.
Sigmund casts a spell.
Sigmund flickers and vanishes!
Deactivating autopickup; reactivate with Ctrl-A.
You hear some strange, mumbled words.
You are confused.
You bump into the rock wall.
The phantom hits you.
* * * LOW HITPOINT WARNING * * *
The phantom blinks!
You blink.
You are more confused.
It was a potion of brilliance.
You feel clever all of a sudden. The phantom completely misses you.
You are too confused!
You bump into the rock wall.
The phantom closely misses you. The phantom hits you!
You die...

#..........##.........
...........#.............
#........................
#........................
######..####........>....
##.# #............. #.#
#............. ...
##...J........ ...
##..@W.#.. ####### #


You could see a phantom and an endoplasm.

Vanquished Creatures
  Natasha (twice) (D:3)
  2 adders
  4 gnolls
  3 worms
  3 dart slugs
  7 ball pythons
  A bat (D:1)
  3 endoplasms (D:2)
  2 giant cockroaches
  7 goblins
  6 hobgoblins
  4 kobolds
  3 quokkas
  3 frilled lizards
  3 rats (D:1)
53 creatures vanquished.

Vanquished Creatures (others)
  A demonic plant (D:1)
1 creature vanquished.

Grand Total: 54 creatures vanquished

Notes
Turn   | Place    | Note
-------+----------+-------------------------------------------
     0 | D:1      | DenSaoPin the Hill Orc Monk began the quest for the Orb.
     0 | D:1      | Reached XP level 1. HP: 19/19 MP: 1/1
   273 | D:1      | Reached skill level 1 in Armour
   273 | D:1      | Reached XP level 2. HP: 22/26 MP: 2/2
   968 | D:1      | Found a faded altar of an unknown god.
  1289 | D:1      | Reached XP level 3. HP: 31/31 MP: 3/3
  2012 | D:2      | Reached skill level 5 in Axes
  2514 | D:2      | Reached XP level 4. HP: 39/39 MP: 4/4
  3247 | D:2      | Found a hide-covered altar of Uskayaw.
  3555 | D:3      | Noticed Natasha
  3587 | D:3      | Killed Natasha
  3588 | D:3      | Reached skill level 6 in Axes
  3588 | D:3      | Reached XP level 5. HP: 16/45 MP: 5/5
  3846 | D:3      | Noticed Natasha
  3848 | D:3      | Noticed Grinder
  4074 | D:3      | Killed Natasha
  4076 | D:3      | Paralysed by Grinder for 5 turns
  4582 | D:4      | Noticed a phantom
  4637 | D:4      | Noticed Sigmund
  4643 | D:4      | Slain by a phantom

Illustrated notes

Levels and vault maps discovered:
D:1:      dpeg_arrival_rhombus, layout_basic,
          dreamdust_ecumenical_altar_sealed_demon
D:2:      minmay_chambers_of_ones, layout_basic, basic_altar
D:3:      layout_rooms, gup_sewer_entry_glass, hangedman_decor_points,
          minmay_misc_feat_tower, uniq_grinder, uniq_ijyb, uniq_natasha,
          uniq_terence
D:4:      layout_rooms, nicolae_ru_path_of_blood, uniq_sigmund

Skill      XL: |  1  2  3  4 |
---------------+-------------+-----
Armour         | 1 2 3 |  3.8
Axes           | 5 6 |  6.3
Fighting       | |  3.6
Dodging        | |  2.4
Stealth        | |  1.5

Action                   |  1- 3 |  4- 6 || total
-------------------------+-------+-------++-------
Melee: Hand axe          |   135 |   168 ||   303
  Use: Potion            |       |     3 ||     3
       Scroll            |       |     1 ||     1
 Stab: Sleeping          |       |     1 ||     1
Armor: Robe              |    12 |       ||    12
       Ring mail         |    20 |    34 ||    54
Dodge: Dodged            |    83 |    83 ||   166
